Map: Echo LE (Void)

Players

yatasfriend - Winner!

  • Race: Zerg Zerg
  • League: Diamond
  • Spawn Location: 11:00

Gorod

  • Race: Zerg Zerg
  • League: Diamond
  • Spawn Location: 5:00

VOD

Have the link to the VOD?

Description

Time

  • Played on: Dec. 15, 2016, 1:20 p.m.
  • Length: 9:12
Show
View Real Time Build Order
Export as new Build Order

yatasfriend Zerg - Winner!

Build Orders: Hatch First 

Get SALT Encoding   

  12  0:04  Drone  
  13  0:13  Overlord  
  13  0:17  Drone  
  14  0:33  Drone  
  15  0:38  Drone  
  16  0:52  Drone  
  16  0:53  Hatchery  
  16  0:59  Drone  
  17  1:11  Extractor  
  17  1:14  Spawning Pool  
  17  1:16  Drone  
  16  1:20  Drone  
  17  1:31  Drone  
  18  1:42  Drone  
  19  1:52  Overlord  
  19  2:01  Queen  
  19  2:02  Zergling x2  
  19  2:05  Queen  
  19  2:06  Drone  
  25  2:10  Metabolic Boost  
  25  2:14  Drone  
  26  2:26  Drone x2  
  28  2:35  Drone x2  
  30  2:38  Evolution Chamber  
  29  2:49  Drone  
  29  2:50  Zergling x4  
  32  3:05  Zergling x2  
  32  3:06  Zergling x2  
  33  3:13  Zerg Ground Armor Level 1  
  33  3:17  Zergling x4  
  33  3:18  Overlord  
  35  3:35  Hatchery  
  35  3:36  Queen  
  36  3:47  Zergling x2  
  36  3:48  Zergling x12  
  43  3:57  Overlord  
  43  4:02  Drone  
  44  4:03  Roach Warren  
  44  4:05  Drone  
  43  4:13  Zergling x2  
  43  4:16  Overlord  
  39  4:30  Zergling x12  
  39  4:31  Zergling x2  
  45  4:39  Drone x2  
  45  4:51  Zergling x12  
  46  5:02  Queen, Extractor  
  47  5:09  Zergling x6  
  47  5:10  Zergling x2  
  51  5:24  Zergling x2  
  51  5:25  Zergling x12  
  55  5:34  Zergling x2  
  55  5:35  Zergling x6  
  54  5:42  Drone x3  
  57  5:49  Zerg Missile Weapons Level 1  
  57  5:52  Drone  
  57  5:53  Drone x2  
  56  6:16  Zergling x2  
  56  6:17  Zergling x8  
  60  6:25  Zergling x2  
  61  6:26  Zergling x10  
  64  6:36  Overlord x3  
  64  6:39  Roach  
  55  6:58  Roach x7  
  55  6:59  Roach  
  59  7:15  Roach x4, Zergling x4  
  61  7:16  Zergling x4  
  65  7:26  Lair  
  65  7:41  Zergling x8  
  62  7:59  Drone x2  
  62  8:02  Zergling x2  
  62  8:03  Zergling x8  
  68  8:10  Hatchery  
  67  8:13  Roach  
  67  8:14  Roach x4  
  67  8:19  Extractor  
  71  8:26  Roach x2  
Show
View Real Time Build Order
Export as new Build Order

Gorod Zerg 

Build Orders: Hatch First 

Get SALT Encoding   

  12  0:08  Drone  
  12  0:10  Drone  
  14  0:14  Extractor  
  14  0:16  Drone  
  15  0:43  Hatchery  
  15  0:49  Extractor  
  13  0:50  Drone  
  15  1:02  Spawning Pool  
  14  1:15  Overlord  
  14  1:19  Drone, Extractor  
  14  1:20  Extractor  
  14  1:23  Drone  
  15  1:34  Drone  
  15  1:37  Drone  
  17  1:48  Drone  
  17  1:49  Queen  
  20  2:01  Queen  
  20  2:04  Drone  
  23  2:08  Drone  
  23  2:12  Drone  
  25  2:21  Metabolic Boost  
  25  2:25  Drone  
  25  2:26  Drone  
  27  2:31  Zergling x2  
  28  2:47  Baneling Nest  
  28  2:49  Overlord  
  27  2:51  Zergling x2  
  28  3:10  Evolution Chamber  
  27  3:15  Zergling x2  
  27  3:16  Zergling x4  
  27  3:18  Overlord  
  27  3:19  Drone x5  
  35  3:21  Drone  
  36  3:31  Baneling x2  
  36  3:34  Baneling x2  
  36  3:36  Overlord  
  34  3:57  Zerg Melee Weapons Level 1  
  34  3:59  Zergling x8  
  34  4:00  Zergling x10  
  41  4:28  Zergling x6  
  43  4:49  Zergling x2  
  44  4:58  Baneling x2  
  42  5:03  Baneling x3  
  42  5:10  Baneling x3  
  41  5:26  Zergling x8  
  41  5:27  Overlord  
  41  5:28  Overlord x3  
  40  5:46  Baneling x3  
  39  5:50  Baneling, Zergling x20  
  46  6:13  Zergling x14  
  53  6:31  Baneling x3  
  53  6:32  Zergling x8  
  56  6:33  Zergling x2  
  56  6:37  Zergling x6  
  57  6:53  Hatchery  
  52  6:55  Zergling x10  
  45  7:15  Zergling x2  
  45  7:16  Zergling x14  
  53  7:27  Zergling x2  
  53  7:28  Zergling x2  
  42  7:53  Baneling x2  
  37  8:03  Zergling x20  
  41  8:27  Zergling x22  
  51  8:43  Zergling x10  
  56  8:54  Zergling x10  
Tags
 
Add a new tag
Caveats
  • Supply blocks, unpowered buildings, or Contaminate may cause inaccurate times.
  • Supply counts are checked every 10 seconds.